 Dungeon Crawl Stone Soup version 0.22-a0-353-g2d6336e718 (webtiles) character file.

615784 Flugkiller the Warrior (level 26, -8/176 HPs)
             Began as a Deep Elf Fire Elementalist on Apr 15, 2018.
             Was a High Priest of Sif Muna.
             Mangled by a death cob (21 damage)
             ... on level 1 of the Realm of Zot.
             The game lasted 06:01:17 (130282 turns).

Flugkiller the Warrior (DEFE)                     Turns: 130282, Time: 06:01:17

Health: -8/176     AC: 22    Str:  6    XL:     26   Next: 37%
Magic:  26/51      EV: 27    Int: 38    God:    Sif Muna [*****.]
Gold:   4657       SH: 17    Dex: 17    Spells: 2/61 levels left

rFire    . . .     SeeInvis .   W - staff of conjuration
rCold    . . .     Gourm    .   M - +5 shield {AC+3}
rNeg     . . .     Faith    .   L - +2 robe {Archmagi}
rPois    .         Spirit   .   H - +2 helmet
rElec    .         Reflect  .   m - +2 cloak
rCorr    .         Harm     .   G - +1 pair of gloves {archery}
MR       ++...                  J - +2 pair of boots
Stlth    ++........             w - amulet of magic regeneration
HPRegen  0.39/turn              V - +6 ring of intelligence
MPRegen  0.57/turn              d - ring of wizardry

@: slowed, studying Dodging, drained, divine energy, very slow
A: thin metallic scales 1, agile 1, high mp 1
}: 4/15 runes: serpentine, barnacled, slimy, silver
a: Stop Divine Energy, Channel Magic, Forget Spell, Renounce Religion


You were on level 1 of the Realm of Zot.
You worshipped Sif Muna.
Sif Muna was extremely pleased with you.
You were not hungry.

You visited 11 branches of the dungeon, and saw 51 of its levels.
You visited the Abyss 1 time.
You visited 1 bazaar.
You also visited: Bailey.

You collected 7509 gold pieces.
You spent 2852 gold pieces at shops.

Inventory:

Hand Weapons
 U - the +5 war axe "Syitte Bojets" {chop, rElec rC+ rN+ MR+}
   (You bought it in a shop in a bazaar)

   It inflicts extra damage upon your enemies.
   It protects you from cold.
   It insulates you from electricity.
   It protects you from negative energy.
   It affects your resistance to hostile enchantments.
Armour
 m - a +2 cloak (worn)
 G - a +1 pair of gloves of archery (worn)
 H - a +2 helmet (worn)
 I - a +2 robe of resistance
 J - a +2 pair of boots (worn)
 L - a +2 robe of the Archmagi (worn)
 M - a +5 shield of protection (worn)
Magical Staves
 j - an uncursed staff of wizardry
 N - an uncursed staff of power
 W - an uncursed staff of conjuration (weapon)
Jewellery
 d - a ring of wizardry (right hand)
 w - an amulet of magic regeneration (around neck)
 D - an uncursed ring of protection from cold
 V - a +6 ring of intelligence (left hand)
 X - an uncursed ring of fire
 Y - the amulet "Voovomp" {Spirit rPois rF++ rC- rN+}
   (You found it on level 5 of the Vaults)

   [amulet of guardian spirit]

   It causes incoming damage to be split between your health and magic.
   It greatly protects you from fire.
   It makes you vulnerable to cold.
   It protects you from poison.
   It protects you from negative energy.
Wands
 a - a wand of clouds (16)
 e - a wand of iceblast (14)
 s - a wand of flame (44)
 y - a wand of scattershot (3)
 z - a wand of paralysis (59)
 B - a wand of digging (9)
 C - a wand of disintegration (107)
 F - a wand of acid (11)
 R - a wand of enslavement (35)
Scrolls
 b - 14 scrolls of amnesia
 h - a scroll of blinking
 l - 14 scrolls of remove curse
 n - 5 scrolls of fear
 p - 12 scrolls of fog
 r - a scroll of summoning
 v - 9 scrolls of teleportation
 E - 7 scrolls of magic mapping
 O - 7 scrolls of identify
 Q - 4 scrolls of brand weapon
 T - 4 scrolls of enchant weapon
Potions
 f - 9 potions of haste
 g - 4 potions of lignification
 i - 2 potions of heal wounds
 k - 21 potions of curing
 o - 2 potions of magic
 q - 9 potions of might
 u - 7 potions of ambrosia
 x - 7 potions of flight
 A - 4 potions of brilliance
 K - 4 potions of agility
 P - 2 potions of invisibility
 Z - 6 potions of resistance
Books
 S - a manual of Dodging
Comestibles
 c - 41 rations


   Skills:
 + Level 20.6(19.6) Fighting
 - Level 11.0(10.1) Armour
 - Level 20.2(19.2) Dodging
 - Level 2.4(1.7) Stealth
 - Level 15.0(14.0) Shields
 - Level 18.0(17.0) Spellcasting
 - Level 20.0(19.0) Conjurations
 - Level 9.2(8.4) Charms
 - Level 5.0(4.2) Translocations
 + Level 13.7(12.8) Fire Magic
 - Level 9.2(8.4) Air Magic
 - Level 13.0(12.1) Earth Magic
 - Level 9.0(8.2) Invocations


You had 2 spell levels left.
You knew the following spells:

 Your Spells              Type           Power        Failure   Level  Hunger
a - Flame Tongue          Conj/Fire      #####        0%          1    None
b - Bolt of Magma         Conj/Fire/Erth ########..   1%          5    None
c - Conjure Flame         Conj/Fire      ########     0%          3    None
d - Sticky Flame          Conj/Fire      ########     0%          4    None
e - Fireball              Conj/Fire      ########..   1%          5    None
f - Bolt of Fire          Conj/Fire      ########..   1%          6    None
g - Iron Shot             Conj/Erth      ########..   1%          6    None
h - Orb of Destruction    Conj           #########.   1%          7    ##.....
i - Deflect Missiles      Chrm/Air       #######...   2%          6    None
j - Passage of Golubria   Tloc           N/A          1%          4    None
k - Fire Storm            Conj/Fire      ########..   38%         9    ######.
q - Apportation           Tloc           ######       1%          1    None
r - Blink                 Tloc           N/A          1%          2    None


Dungeon Overview and Level Annotations

Branches:
Dungeon (15/15)            Temple (1/1) D:6            Lair (6/6) D:11
 Shoals (4/4) Lair:2        Snake (4/4) Lair:3        Slime (5/5) Lair:6
    Orc (2/2) D:12            Elf (3/3) Orc:2        Vaults (5/5) D:13
  Crypt (0/3) Vaults:3     Depths (5/5) D:15            Zot (1/5) Depths:5

Altars:
Ashenzari
Cheibriados
Dithmenos
Elyvilon
Fedhas
Gozag
Hepliaklqana
Kikubaaqudgha
Makhleb
Nemelex Xobeh
Okawaru
Qazlal
Ru
Sif Muna
Trog
Uskayaw
Vehumet
Wu Jian
Xom
Yredelemnul
Zin
The Shining One
Beogh
Jiyva
Lugonu

Shops:
D:8 ?   D:13 (   Orc:2 *[}*   Elf:1 :!   Elf:3 [   Shoals:4 :   Snake:3 ?}
Vaults:1 [   Vaults:2 (   Depths:2 }=}   Depths:4 :

Portals:
Hell: Depths:1 Depths:2 Depths:3 Depths:4 Depths:5
Abyss: Depths:4
Pandemonium: Depths:3
Ziggurat: Depths:5

Annotations:
D:11 exclusion: downstairs
D:12 1 transporter
Shoals:1 exclusion: Roxanne, Roxanne
Shoals:2 alligator snapping turtle
Shoals:4 stburah's ghost, adept FoFi
Elf:2 3 runed doors, exclusion: 3 doors
Depths:3 2 runed doors


Innate Abilities, Weirdness & Mutations

You are partially covered in thin metallic scales. (AC +2)
You are agile. (Dex +2)
You have an increased reservoir of magic. (+10% MP)


Message History

A moth of wrath comes into view.
The moth of wrath's fur bristles in rage as it notices you.
Found 23 stones.
You feel much better. You block the death cob's attack.
The death cob barely misses you.
The death cob hits you but does no damage.
The shadow dragon breathes negative energy at you.
The bolt of negative energy hits the death cob.
The death cob completely resists.
The bolt of negative energy misses you. The moth of wrath barely misses you.
The death cob hits you.
* * * LOW HITPOINT WARNING * * *
Unknown command.
Your magical effects are unravelling.
You feel magically purged.
You feel yourself speed up. The death cob hits you!!
* * * LOW HITPOINT WARNING * * *
The death cob drains your vigour!
You feel yourself slow down. The death cob hits you!!
You die...

##..##..##..##f.##.#*,,,,,,,,,,*
...###.....###.....#+,,,,,,,,,,*
,,#§#.....###fffff.#*,,,,,,,,,,*
,*##..D..###ff#######,,,,,,,,,,*
.##..##§.##..#..###.#,,,,,,,,,,*
.....###.§..#D......#,,.,,,,,,,*
......###f.z#.......#...,,,,,,,**
#####..###§.##.z.....#**+***+****
*** ##..##..##..@y...#**,***,****
*,* ##.....##.......+,,,,,,,,,,*
*,* ########.......#*,,***,**,*
*,*****,*****#.......#*,,* *,**,*
*,,,,**,,,,,,+.......#*,** *,**,*
****,,,,*****#....⌠(.#*,* *,,,,+
****+**** #.......#*,* ****,*
,,,,,,,* ######+##*,* *,*
,,,,,,,* *,,,* *,* *⌠*


You could see a shadow dragon, a death cob, a deathcap, a moth of wrath and 2
wandering mushrooms.

Vanquished Creatures
  Dissolution (Slime:2)
  the Royal Jelly (Slime:5)
  2 ancient liches (Vaults:5)
  Mennas (Vaults:1)
  Sojobo (Vaults:5)
  Boris (twice) (Vaults:2 Depths:3)
  Bai Suzhen (Vaults:4)
  A curse toe (Zot:1)
  A caustic shrike (shapeshifter) (Vaults:4)
  Nikola (Snake:4)
  2 golden dragons
  3 bone dragons (Depths:5)
  4 liches
  Jorgrun (Elf:3)
  Rupert (Lair:2)
  5 tentacled monstrosities
  3 deep elf blademasters (Elf:3)
  2 quicksilver dragons (Depths:3)
  2 titans (Vaults:5)
  A tentacled starspawn (Abyss:2)
  21 acid blobs
  A deep elf master archer (Elf:3)
  2 death cobs
  Kirke (Lair:6)
  A shadow dragon (shapeshifter) (Vaults:1)
  7 sphinxes
  9 nagarajas
  6 shadow dragons
  6 storm dragons
  A storm dragon (shapeshifter) (Vaults:4)
  8 tengu reavers
  A revenant (Vaults:3)
  9 azure jellies
  An iron dragon (Vaults:4)
  Donald (Shoals:1)
  Ilsuiw (Shoals:3)
  5 fire giants
  A draconian knight (Depths:5)
  11 frost giants
  Aizul (Depths:1)
  An emperor scorpion (shapeshifter) (Vaults:4)
  7 deep elf sorcerers
  11 vault wardens
  Louise (D:14)
  24 very ugly things
  A draconian shifter (Depths:5)
  An orc warlord (Depths:3)
  A spriggan defender (Depths:3)
  7 deep elf elementalists (Elf:3)
  2 entropy weavers
  20 stone giants
  2 war gargoyles (Vaults:5)
  15 ironheart preservers
  3 vampire knights
  6 deep elf demonologists
  9 deep elf annihilators
  The ghost of blubbertyp the Cleaver, a journeyman FoFi of Okawaru (Lair:3)
  A red draconian (Depths:5)
  A starcursed mass (Abyss:2)
  A purple draconian (Depths:5)
  A white draconian (Depths:5)
  Azrael (D:12)
  The ghost of xash the Carver, a journeyman FoFi of Qazlal (Lair:3)
  A yellow draconian (Depths:5)
  6 spark wasps
  5 dire elephants
  12 ettins
  10 merfolk javelineers
  7 fire dragons
  Josephine (D:11)
  3 deep elf death magi (Elf:3)
  13 death oozes
  10 merfolk impalers
  12 great orbs of eyes
  2 jiangshi (D:15)
  26 yaktaur captains
  4 deep elf high priests
  6 spriggan air magi
  12 naga warriors
  2 catoblepae
  A hell beast (Depths:2)
  41 vault guards
  6 hydras
  4 rakshasas (Depths:4)
  9 ice dragons
  Erica (D:8)
  11 centaur warriors
  3 merfolk avatars
  2 death knights
  An alligator snapping turtle (Shoals:3)
  11 ogre magi
  A satyr (Shoals:2)
  2 merfolk aquamancers (Shoals:4)
  9 deep troll earth magi
  18 dancing weapons
  A death yak (Lair:3)
  16 anacondas
  2 vampire magi
  36 two-headed ogres
  4 deep troll shamans
  4 tengu warriors
  Urug (D:10)
  2 hell hogs (Depths:2)
  A spriggan (Depths:3)
  4 thrashing horrors (Abyss:2)
  15 shock serpents
  A shock serpent (shapeshifter) (Vaults:2)
  5 spriggan berserkers
  Sonja (D:15)
  A soul eater (Zot:1)
  A sun demon (Depths:3)
  11 deep elf knights
  9 naga sharpshooters
  A fire crab (shapeshifter) (Vaults:3)
  11 sea snakes
  7 hell knights
  7 salamander mystics
  6 skeletal warriors
  7 iron trolls
  3 flayed ghosts
  23 deep trolls
  4 glowing orange brains
  2 unseen horrors (Vaults:1)
  9 naga ritualists
  Pikel (D:6)
  4 lindwurms (Snake:4)
  10 deep elf archers
  55 deep elf magi
  A lindwurm (shapeshifter) (Depths:2)
  9 wizards
  36 harpies
  4 phantasmal warriors
  8 necromancers
  21 orc knights
  A wolf spider zombie (D:13)
  4 oklob plants
  17 mana vipers
  A stone giant zombie (Vaults:5)
  40 ugly things
  24 ironbrand convokers
  7 wolf spiders
  8 shining eyes
  8 cyclopes
  14 manticores
  17 salamanders
  An orc sorcerer (Vaults:1)
  6 fauns
  A moth of wrath (shapeshifter) (Vaults:5)
  A frost giant skeleton (Vaults:5)
  An apocalypse crab (Abyss:2)
  9 elephants
  Psyche (D:8)
  2 black mambas (shapeshifter)
  6 merfolk sirens
  24 naga magi
  A rust devil (Depths:3)
  11 spiny frogs
  2 eyes of devastation
  A torpor snail (Lair:2)
  4 water nymphs
  6 gargoyles
  7 guardian serpents (Snake:4)
  A smoke demon (Abyss:2)
  16 vault sentinels
  A water nymph (shapeshifter) (Vaults:5)
  42 black mambas
  An elf skeleton (Vaults:5)
  A hellion (Depths:1)
  A centaur skeleton (D:14)
  2 efreet (D:13)
  5 komodo dragons
  51 yaktaurs
  10 freezing wraiths
  2 rime drakes
  A hellwing (Depths:3)
  A guardian mummy (Zot:1)
  26 merfolk
  6 hornets
  An ancient zyme (Abyss:2)
  A wind drake (shapeshifter) (Depths:2)
  The ghost of blubbertyp the Grasshopper, an amateur GnWr (D:4)
  A tyrant leech (shapeshifter) (Vaults:4)
  8 wind drakes
  A polar bear (Lair:3)
  9 trolls
  A shadow dragon simulacrum (Vaults:5)
  11 blink frogs
  A tengu conjurer (D:10)
  A jumping spider (shapeshifter) (Vaults:4)
  A sphinx simulacrum (Vaults:1)
  133 slime creatures
  7 snapping turtles
  A slime creature (shapeshifter) (Vaults:2)
  12 dream sheep
  11 hippogriffs
  A redback (shapeshifter) (Vaults:5)
  2 centaur simulacra
  3 spriggans (shapeshifter)
  2 air elementals
  A shadow (D:14)
  A tarantella (shapeshifter) (Vaults:5)
  A wyvern (shapeshifter) (Vaults:2)
  10 fire elementals
  7 hogs
  10 redbacks
  A tarantella (Vaults:4)
  3 wyverns
  Eustachio (D:6)
  46 yaks
  A human (shapeshifter) (Depths:4)
  24 water elementals
  A yak (shapeshifter) (Vaults:5)
  A basilisk (Lair:3)
  A chaos spawn (Abyss:2)
  25 golden eyes
  A neqoxec (Abyss:2)
  A human simulacrum (Vaults:2)
  The ghost of NihilVerum the Charlatan, an amateur GnAr (D:3)
  4 hungry ghosts
  10 wraiths
  4 small abominations (Abyss:2)
  Grum (D:8)
  An acid dragon (shapeshifter) (Vaults:5)
  7 wargs (Orc:1)
  28 nagas
  A soldier ant (D:14)
  11 hell hounds
  An acid dragon (Vaults:2)
  9 porcupines
  7 water moccasins
  9 eyes of draining
  A hornet zombie (D:10)
  2 sky beasts
  5 ice beasts
  47 orc warriors
  A black bear (shapeshifter) (D:14)
  2 black bears (D:8)
  A necrophage (D:9)
  An eye of draining (shapeshifter) (Depths:4)
  19 boggarts
  40 centaurs
  31 ogres
  An ogre (shapeshifter) (Depths:5)
  11 wolves
  10 crocodiles
  2 big kobolds
  17 bullfrogs
  4 earth elementals
  A wyvern skeleton (D:12)
  3 scorpions
  15 killer bees
  28 wights
  An electric eel (Lair:5)
  2 centaur zombies (D:12)
  7 crimson imps
  3 bullfrog zombies
  A quasit (D:6)
  8 jellies
  8 orc priests
  4 hounds
  26 orc wizards
  A bullfrog skeleton (D:13)
  4 iguanas
  11 worker ants
  A hound zombie (D:5)
  A worker ant zombie (D:6)
  21 adders
  5 shadow imps
  3 white imps
  6 oozes
  2 adder skeletons
  2 worms
  3 dart slugs
  4 leopard geckos
  110 orcs
  11 bats
  2 giant cockroaches
  7 goblins
  12 hobgoblins
  21 kobolds
  A ball python (D:1)
  6 frilled lizards
  A jackal zombie (D:5)
  5 rats
  A bush (Lair:3)
  7 fungi
  16 plants
2241 creatures vanquished.

Vanquished Creatures (collateral kills)
  A tengu reaver (Vaults:5)
  An ironheart preserver (Vaults:5)
  A merfolk javelineer (Shoals:1)
  A yaktaur captain (Vaults:5)
  A vault guard (Vaults:5)
5 creatures vanquished.

Vanquished Creatures (others)
  2 stone giants
  2 merfolk javelineers
  A deep elf death mage (Vaults:4)
  A centaur warrior (Vaults:2)
  A faun (Shoals:1)
  2 cyclopes
  5 yaktaurs
  A harpy zombie (Abyss:2)
  A merfolk (Shoals:4)
  A raiju (Abyss:2)
  2 large abominations (Abyss:2)
  A ynoxinul (Abyss:2)
  8 small abominations (Abyss:2)
  3 slaves (D:6)
  4 centaurs
  An ogre simulacrum (Abyss:2)
  2 kobolds (D:6)
  19 fire vortices
  23 fungi
  82 plants
  6 starspawn tentacles (Abyss:2)
168 creatures vanquished.

Grand Total: 2414 creatures vanquished

Notes
Turn   | Place    | Note
-------+----------+-------------------------------------------
     0 | D:1      | Flugkiller the Deep Elf Fire Elementalist began the quest for the Orb.
     0 | D:1      | Reached XP level 1. HP: 10/10 MP: 6/6
   134 | D:1      | Reached XP level 2. HP: 15/15 MP: 4/8
   515 | D:1      | Found a glowing silver altar of Zin.
   786 | D:1      | Reached XP level 3. HP: 19/19 MP: 6/10
   819 | D:1      | Learned a level 3 spell: Conjure Flame
  1755 | D:2      | Reached XP level 4. HP: 24/24 MP: 10/12
  1777 | D:2      | Found a snail-covered altar of Cheibriados.
  1928 | D:2      | Found a glowing golden altar of the Shining One.
  2565 | D:3      | Reached XP level 5. HP: 28/28 MP: 10/14
  2677 | D:3      | Reached skill level 5 in Spellcasting
  3193 | D:3      | Learned a level 4 spell: Sticky Flame
  3253 | D:3      | Noticed NihilVerum's ghost (amateur GnAr)
  3414 | D:3      | Found an iron altar of Okawaru.
  3555 | D:3      | Reached skill level 5 in Fire Magic
  3767 | D:3      | Reached XP level 6. HP: 32/32 MP: 14/16
  3840 | D:3      | Killed NihilVerum's ghost
  4097 | D:4      | Noticed blubbertyp's ghost (amateur GnWr)
  4480 | D:4      | Reached XP level 7. HP: 36/36 MP: 9/17
  4695 | D:4      | Reached skill level 5 in Conjurations
  5086 | D:4      | Found a sparkling altar of Nemelex Xobeh.
  5542 | D:3      | Found a glowing silver altar of Zin.
  5972 | D:4      | Killed blubbertyp's ghost
  6077 | D:5      | Entered Level 5 of the Dungeon
  6077 | D:5      | Noticed a wyvern
  6211 | D:5      | Reached XP level 8. HP: 41/41 MP: 13/20
  7231 | D:6      | Noticed Eustachio
  7241 | D:6      | Killed Eustachio
  7341 | D:6      | Learned a level 5 spell: Fireball
  7428 | D:6      | Found a staircase to the Ecumenical Temple.
  7579 | Temple   | Entered the Ecumenical Temple
  7704 | Temple   | Became a worshipper of Sif Muna the Loreminder
  7753 | D:6      | Noticed Pikel
  7774 | D:6      | Killed Pikel
  7774 | D:6      | Reached XP level 9. HP: 41/45 MP: 3/23
  8166 | D:6      | Reached * piety under Sif Muna
  8171 | D:6      | Found a white marble altar of Elyvilon.
  9034 | D:7      | Found a shattered altar of Ashenzari.
  9376 | D:8      | Reached skill level 10 in Fire Magic
  9387 | D:8      | Reached ** piety under Sif Muna
  9387 | D:8      | Reached skill level 10 in Conjurations
  9388 | D:8      | Reached skill level 1 in Fighting
  9638 | D:8      | Noticed Erica
  9644 | D:8      | Noticed Grum
  9646 | D:8      | Killed Erica
  9646 | D:8      | Reached XP level 10. HP: 55/55 MP: 0/24
  9804 | D:8      | Killed Grum
 10328 | D:8      | Noticed Psyche
 10332 | D:8      | Killed Psyche
 10332 | D:8      | Reached skill level 5 in Dodging
 10586 | D:8      | Found Vufiyxt's Magic Scroll Boutique.
 10736 | D:8      | Found a radiant altar of Vehumet.
 10781 | D:9      | Noticed a two-headed ogre
 10871 | D:9      | Noticed a two-headed ogre
 11175 | D:9      | Killed a two-headed ogre
 11175 | D:9      | Reached skill level 5 in Fighting
 11649 | D:9      | Killed a two-headed ogre
 12279 | D:10     | Entered Level 10 of the Dungeon
 12365 | D:10     | Reached XP level 11. HP: 64/64 MP: 18/26
 13119 | D:10     | wow
 13516 | D:11     | Noticed Urug
 14125 | D:11     | Found a staircase to the Lair.
 14125 | D:11     | Noticed an oklob plant
 14580 | D:11     | Noticed Josephine
 15012 | D:11     | Killed Josephine
 15694 | D:10     | Killed Urug
 15887 | D:11     | Noticed an oklob plant
 16081 | D:11     | Killed an oklob plant
 16214 | D:11     | Killed an oklob plant
 16317 | Lair:1   | Entered Level 1 of the Lair of Beasts
 17393 | Lair:2   | Reached *** piety under Sif Muna
 17681 | Lair:2   | Noticed a four-headed hydra
 17703 | Lair:2   | Killed a four-headed hydra
 17703 | Lair:2   | Reached XP level 12. HP: 70/76 MP: 15/27
 17980 | Lair:1   | Reached skill level 10 in Spellcasting
 18347 | Lair:1   | Reached skill level 10 in Dodging
 18991 | Lair:2   | Found a staircase to the Shoals.
 19167 | Lair:2   | Reached skill level 10 in Fighting
 19275 | Lair:3   | Noticed xash's ghost (journeyman FoFi)
 19321 | Lair:3   | Noticed blubbertyp's ghost (journeyman FoFi)
 19325 | Lair:3   | Noticed a five-headed hydra
 19505 | Lair:3   | Found a staircase to the Snake Pit.
 19849 | Lair:3   | Noticed Rupert
 19852 | Lair:3   | goddamnit
 21660 | Lair:3   | Killed a five-headed hydra
 21864 | Lair:2   | why does he have fire resist :(
 22701 | Lair:3   | Noticed a death yak
 24274 | Lair:3   | Killed a death yak
 24392 | Lair:4   | Got a twisted hand axe
 24393 | Lair:4   | Identified the +1 hand axe "Qamokh" {drain, rElec Str+4 Dex-5} (You found it on level 4 of the Lair of Beasts)
 24683 | Lair:4   | Reached XP level 13. HP: 69/84 MP: 16/29
 24786 | Lair:3   | Reached **** piety under Sif Muna
 25552 | Lair:5   | haha no I won't
 27330 | Lair:6   | Entered Level 6 of the Lair of Beasts
 28049 | Lair:6   | Found a staircase to the Slime Pits.
 28050 | Lair:6   | Found a viscous altar of Jiyva.
 29079 | Lair:6   | Noticed a dire elephant
 29147 | Lair:6   | Noticed a dire elephant
 29153 | Lair:6   | Noticed a dire elephant
 29169 | Lair:5   | Reached ***** piety under Sif Muna
 29260 | Lair:5   | two alarm traps on L:6? damn
 29455 | Lair:6   | Noticed Kirke
 29582 | Lair:6   | Found a staircase to the Slime Pits.
 29583 | Lair:6   | Found a viscous altar of Jiyva.
 29704 | Lair:6   | Noticed a dire elephant
 29730 | Lair:5   | Killed a dire elephant
 30255 | Lair:6   | Noticed a dire elephant
 30255 | Lair:6   | Noticed a dire elephant
 30348 | Lair:6   | Noticed a sphinx
 30454 | Lair:5   | Killed a dire elephant
 30837 | Lair:6   | Identified Sif Muna's Handbook of Insomnia (Sif Muna gifted it to you on level 6 of the Lair of Beasts)
 30837 | Lair:6   | Received a gift from Sif Muna
 31128 | Lair:6   | Noticed a sphinx
 31140 | Lair:6   | Killed Kirke
 31457 | D:12     | wow the stairs got closed off huh
 31849 | D:12     | Found a staircase to the Orcish Mines.
 32322 | D:11     | Learned a level 5 spell: Bolt of Magma
 32331 | D:12     | Noticed Azrael
 33789 | D:12     | Found a corrupted altar of Lugonu.
 34058 | D:12     | Reached XP level 14. HP: 90/90 MP: 16/30
 34231 | D:12     | Found a transporter.
 35720 | D:13     | Found Byuriez's Antique Weapon Emporium.
 36485 | D:13     | Reached skill level 1 in Invocations
 36505 | D:13     | nice find
 36519 | D:13     | Reached skill level 1 in Shields
 36944 | D:13     | Found a gate to the Vaults.
 37044 | D:13     | Identified Sif Muna's Compendium of Combat Magic and Augmentations (Sif Muna gifted it to you on level 13 of the Dungeon)
 37044 | D:13     | Received a gift from Sif Muna
 38642 | D:14     | Reached skill level 5 in Shields
 39285 | D:15     | Entered Level 15 of the Dungeon
 39438 | D:15     | Noticed Louise
 39440 | D:15     | ugh not louise
 39949 | D:15     | Noticed Sonja
 39956 | D:15     | Killed Sonja
 40869 | D:15     | Noticed an emperor scorpion
 40913 | D:15     | Found a staircase to the Depths.
 41369 | D:14     | Killed Louise
 41804 | D:15     | Noticed a storm dragon
 41804 | D:15     | an emperor scorpion changed into a storm dragon
 41821 | D:15     | Killed a storm dragon
 42595 | D:12     | Killed Azrael
 42595 | D:12     | Reached XP level 15. HP: 82/94 MP: 0/33
 42755 | Orc:1    | Entered Level 1 of the Orcish Mines
 42927 | Orc:2    | Entered Level 2 of the Orcish Mines
 42927 | Orc:2    | Found a roughly hewn altar of Beogh.
 43341 | Orc:1    | Found a flagged portal.
 43349 | Bailey   | Entered a bailey
 43839 | Bailey   | Reached XP level 16. HP: 100/100 MP: 34/34
 43872 | Bailey   | Reached skill level 10 in Shields
 44272 | Bailey   | inb4 those are acquirement
 45101 | Orc:2    | Found a staircase to the Elven Halls.
 46661 | Orc:2    | Found Pilaff's Gadget Boutique.
 46661 | Orc:2    | Found Fabeckaa's Antique Armour Shoppe.
 46663 | Orc:2    | Found Qeym Daro's Assorted Antiques.
 46665 | Orc:2    | Found Cokoc's General Store.
 46677 | Orc:2    | Bought a scroll of teleportation for 42 gold pieces
 47360 | Lair:3   | Killed xash's ghost
 47456 | Lair:3   | that's one ghost
 47696 | Lair:3   | Killed blubbertyp's ghost
 47697 | Lair:3   | and that's two, only rupert left
 47831 | Snake:1  | Entered Level 1 of the Snake Pit
 51626 | Snake:2  | Identified Sif Muna's Further Progress in Witchery (Sif Muna gifted it to you on level 2 of the Snake Pit)
 51626 | Snake:2  | Received a gift from Sif Muna
 51821 | Snake:3  | Reached skill level 15 in Conjurations
 52310 | Snake:2  | Reached XP level 17. HP: 77/104 MP: 1/37
 52463 | Snake:3  | Identified 2 scrolls of acquirement
 52466 | Snake:3  | hmm that's actually not that bad
 52938 | Snake:3  | Found Empatoe's Gadget Shop.
 52938 | Snake:3  | Found Qoxaxun's Magic Scroll Boutique.
 52947 | Snake:3  | Bought a scroll of teleportation for 45 gold pieces
 52947 | Snake:3  | Bought a scroll of blinking for 112 gold pieces
 52953 | Snake:3  | Bought a wand of digging (9) for 286 gold pieces
 53398 | Snake:3  | Reached skill level 5 in Invocations
 54901 | Snake:4  | Entered Level 4 of the Snake Pit
 57055 | Snake:4  | Noticed Nikola
 58123 | Snake:4  | Killed Nikola
 60536 | Snake:4  | Reached XP level 18. HP: 107/114 MP: 27/38
 61446 | Snake:4  | Got a serpentine rune of Zot
 61682 | Shoals:1 | Entered Level 1 of the Shoals
 62254 | Lair:2   | Killed Rupert
 62257 | Lair:2   | finally
 62720 | Shoals:1 | Noticed Roxanne
 62973 | Shoals:1 | Noticed Donald
 62977 | Shoals:1 | Donald has fire resist. I hate that.
 62991 | Shoals:1 | Killed Donald
 63002 | Shoals:1 | Donald got surrounded by satyrs. He hates that.
 64650 | Shoals:2 | Got a jewelled dagger
 64651 | Shoals:2 | Identified the cursed +2 dagger "Ulask" {freeze, rC+ SInv} (You found it on level 2 of the Shoals)
 67134 | Shoals:4 | Entered Level 4 of the Shoals
 67451 | Shoals:4 | Noticed stburah's ghost (adept FoFi)
 67451 | Shoals:4 | WHAT IS WITH THE FoFi GHOSTS OMG
 67567 | Shoals:3 | and of course it takes 0 damage
 68123 | Shoals:4 | Reached skill level 15 in Fighting
 68125 | Shoals:4 | Noticed Ilsuiw
 68643 | Shoals:3 | Killed Ilsuiw
 68643 | Shoals:3 | Reached skill level 1 in Earth Magic
 68644 | Shoals:3 | thanks Ilsuiw, appreciate the help
 69508 | Shoals:4 | Identified Liuvvoev's Volume of the Mountains and Protection (Sif Muna gifted it to you on level 4 of the Shoals)
 69508 | Shoals:4 | Received a gift from Sif Muna
 69600 | Shoals:3 | aww yeah it's iron shot, finally
 69607 | Shoals:3 | Learned a level 6 spell: Iron Shot
 69611 | Shoals:4 | Reached XP level 19. HP: 118/124 MP: 20/39
 71065 | Shoals:4 | Reached skill level 5 in Earth Magic
 71106 | Shoals:4 | Got a barnacled rune of Zot
 71164 | Shoals:4 | Found Jailamib's Book Shoppe.
 71475 | Shoals:4 | Identified Ziteggycw's Volume of Quantum Evil Magic
 71965 | Vaults:1 | Entered Level 1 of the Vaults
 72330 | Vaults:1 | Found Buing's Armour Boutique.
 72846 | Vaults:1 | Cast into level 2 of the Abyss (a wizard)
 72847 | Abyss:2  | oh shiiiiiiiiit
 72851 | Abyss:2  | Found a corrupted altar of Lugonu.
 73296 | Abyss:2  | Reached skill level 15 in Spellcasting
 73394 | Abyss:2  | Paralysed by accursed screaming for 1 turns
 74968 | Vaults:1 | Escaped the Abyss
 74971 | Vaults:1 | ok I got out thank god
 75029 | Vaults:1 | Identified Sif Muna's Further Steps in Spellcraft (Sif Muna gifted it to you on level 1 of the Vaults)
 75029 | Vaults:1 | Received a gift from Sif Muna
 75119 | Vaults:1 | still no blink
 75586 | Vaults:1 | Noticed a Tzitzimitl
 78342 | Vaults:1 | ok that's enough crawl for today, after that banishment
 78353 | Vaults:2 | Identified Guucsatt's Compendium of Torrid Battle Magic (Sif Muna gifted it to you on level 2 of the Vaults)
 78353 | Vaults:2 | Received a gift from Sif Muna
 78512 | Vaults:1 | Reached skill level 10 in Earth Magic
 78918 | Vaults:2 | Noticed Mennas
 79030 | Vaults:2 | Reached XP level 20. HP: 129/129 MP: 23/42
 79102 | Vaults:2 | Noticed Boris
 79117 | Vaults:2 | Killed Boris
 82584 | Vaults:2 | Reached skill level 1 in Armour
 83798 | Vaults:2 | Found Noabb's Antique Weapon Shoppe.
 84395 | Vaults:1 | Found Buing's Armour Boutique.
 84807 | Vaults:1 | Learned a level 7 spell: Orb of Destruction
 85451 | Vaults:3 | Identified Sif Muna's Volume of Stones (Sif Muna gifted it to you on level 3 of the Vaults)
 85451 | Vaults:3 | Received a gift from Sif Muna
 88574 | Vaults:3 | Reached skill level 5 in Armour
 89260 | Vaults:3 | Found a staircase to the Crypt.
 89521 | Vaults:4 | Found a flickering gateway to a bazaar.
 89532 | Vaults:4 | Reached XP level 21. HP: 136/136 MP: 15/44
 89539 | Bazaar   | Entered a bazaar
 89653 | Bazaar   | Found Unedghiack's Distillery.
 89653 | Bazaar   | Found Pomit's Food Shoppe.
 89657 | Bazaar   | Bought a potion of mutation for 80 gold pieces
 89657 | Bazaar   | Bought a potion of haste for 100 gold pieces
 89657 | Bazaar   | Bought a potion of mutation for 80 gold pieces
 89674 | Bazaar   | Found Ysholays's Assorted Antiques.
 89674 | Bazaar   | Found Pukuemin's Antique Armour Shoppe.
 89696 | Bazaar   | Found Kak Jer's Weapon Shoppe.
 89727 | Bazaar   | Bought the +5 war axe "Syitte Bojets" {chop, rElec rC+ rN+ MR+} for 793 gold pieces
 89743 | Bazaar   | Bought a scroll of magic mapping for 112 gold pieces
 89743 | Bazaar   | Bought a scroll of magic mapping for 112 gold pieces
 89743 | Bazaar   | Bought a potion of haste for 320 gold pieces
 89743 | Bazaar   | Bought a potion of haste for 320 gold pieces
 92830 | Vaults:4 | Identified Sif Muna's Papyrus of Attacks (Sif Muna gifted it to you on level 4 of the Vaults)
 92830 | Vaults:4 | Received a gift from Sif Muna
 92841 | Vaults:4 | Learned a level 6 spell: Bolt of Fire
 94581 | Lair:1   | Got a faintly glowing iron ring
 94583 | Lair:1   | Identified the ring "Otumagiere" {rPois rN+ Str+2 Dex-4} (You acquired it on level 1 of the Lair of Beasts)
 94680 | Depths:1 | Entered Level 1 of the Depths
 95831 | Depths:1 | Noticed Aizul
 95836 | Depths:1 | Killed Aizul
 97079 | Depths:1 | Learned a level 2 spell: Blink
 97079 | Depths:1 | I thought I didn't have blink............... I'm an idiot
 97519 | Depths:1 | Found a radiant altar of Vehumet.
 98146 | Depths:1 | Found a gateway to Hell.
 98978 | Depths:2 | Found Dumy's Gadget Boutique.
 98981 | Depths:2 | Reached XP level 22. HP: 144/144 MP: 36/45
 98982 | Depths:2 | Found Axegyryg's Jewellery Emporium.
 98983 | Depths:2 | Found Ajakucle's Gadget Boutique.
 98993 | Depths:2 | Bought an uncursed amulet of magic regeneration for 450 gold pieces
104162 | Depths:3 | Identified Sif Muna's Volume of Earthen Darkness (Sif Muna gifted it to you on level 3 of the Depths)
104162 | Depths:3 | Received a gift from Sif Muna
104187 | Depths:3 | Reached skill level 10 in Armour
104712 | Depths:3 | Found a one-way gate leading to the halls of Pandemonium.
105120 | Depths:3 | Noticed Boris
105123 | Depths:3 | Hello Boris my old friend
105131 | Depths:3 | Killed Boris
105315 | Depths:3 | Found a runed door.
105952 | Depths:3 | Found a runed door.
106921 | Depths:4 | Reached XP level 23. HP: 149/149 MP: 7/46
107355 | Depths:4 | Reached skill level 15 in Shields
107617 | Depths:4 | Found Udou's Book Shop.
108259 | Depths:4 | Reached skill level 15 in Dodging
108268 | Depths:4 | Got a translucent cloak
108334 | Depths:4 | Identified the cursed +0 cloak of the Prince {rCorr Str+3 Slay+6} (You found it on level 4 of the Depths)
108419 | Depths:4 | Found a one-way gate to the infinite horrors of the Abyss.
108657 | Depths:5 | Entered Level 5 of the Depths
109386 | Depths:5 | Found a gateway to a ziggurat.
110972 | Depths:5 | Received a gift from Sif Muna
111183 | Depths:5 | Found a gate to the Realm of Zot.
112883 | Slime:1  | Entered Level 1 of the Pits of Slime
113248 | Slime:2  | Reached skill level 1 in Translocations
113794 | Slime:3  | Noticed Dissolution
113965 | Slime:2  | Killed Dissolution
114866 | Slime:3  | Reached skill level 5 in Translocations
115375 | Slime:4  | Reached XP level 24. HP: 156/156 MP: 29/46
115568 | Slime:3  | Identified Dispater's Collected Works on Supportive Attacks (Sif Muna gifted it to you on level 3 of the Pits of Slime)
115568 | Slime:3  | Received a gift from Sif Muna
116622 | Slime:5  | Entered Level 5 of the Pits of Slime
116771 | Slime:5  | Gained mutation: You are frail. (-10% HP) [a shining eye]
116775 | Slime:5  | welp
117099 | Slime:5  | Gained mutation: Your flesh is cold resistant. (rC+) [a shining eye]
117177 | Slime:5  | Gained mutation: Your spells are a little easier to cast, but a little less powerful. [a shining eye]
117180 | Slime:5  | great mutations huh
117433 | Slime:5  | Noticed the Royal Jelly
117835 | Slime:5  | Killed the Royal Jelly
117835 | Slime:5  | Identified Mifiofye's Almanac of Frigorific Attacks (Sif Muna gifted it to you on level 5 of the Pits of Slime)
117835 | Slime:5  | Received a gift from Sif Muna
118542 | Slime:5  | Got a slimy rune of Zot
118566 | Slime:5  | Got an iridescent lajatang
118572 | Slime:5  | Identified the +8 lajatang of Tocolace {slice, Int+2} (You found it on level 5 of the Pits of Slime)
118623 | Slime:5  | Got a faintly glowing amber ring
118624 | Slime:5  | Identified the ring of the Dropbear {Ice rPois MR+ Str+4} (You found it on level 5 of the Pits of Slime)
118672 | Slime:5  | Identified Wetinor's Papyrus of Burning Companions
118712 | Slime:5  | Identified the +1 rapier of Extremism {drain, rElec rF- Stlth+} (You found it on level 5 of the Pits of Slime)
118873 | Slime:5  | Lost mutation: You are frail. (-10% HP) [potion of mutation]
118873 | Slime:5  | Lost mutation: Your flesh is cold resistant. (rC+) [potion of mutation]
118873 | Slime:5  | Lost mutation: Your spells are a little easier to cast, but a little less powerful. [potion of mutation]
118873 | Slime:5  | Gained mutation: You are agile. (Dex +2) [potion of mutation]
118873 | Slime:5  | Gained mutation: You are partially covered in thin metallic scales. (AC +2) [potion of mutation]
118873 | Slime:5  | Gained mutation: You have an increased reservoir of magic. (+10% MP) [potion of mutation]
119187 | Elf:1    | Entered Level 1 of the Elven Halls
119195 | Elf:1    | Learned a level 6 spell: Deflect Missiles
119224 | Elf:1    | Reached skill level 1 in Charms
119237 | Elf:1    | Reached skill level 1 in Air Magic
119318 | Elf:1    | Got a wavering iron amulet
119319 | Elf:1    | Identified the amulet of the Little Devil {Faith Int+3 Stlth+} (You acquired it on level 1 of the Elven Halls)
119429 | Elf:1    | Found Cumiwesh's Book Shop.
119771 | Elf:1    | Identified Dafrul's Volume of Supportive Attacks
119931 | Elf:1    | Found Quydeitu's Distillery.
120350 | Elf:2    | Reached skill level 5 in Air Magic
120356 | Elf:2    | Reached skill level 5 in Charms
120638 | Elf:2    | Identified Sif Muna's Papyrus of Creative Combat Magic (Sif Muna gifted it to you on level 2 of the Elven Halls)
120638 | Elf:2    | Received a gift from Sif Muna
120900 | Elf:2    | Found a runed gate.
120900 | Elf:2    | Found a runed gate.
120900 | Elf:2    | Found a runed gate.
120954 | Elf:3    | Entered Level 3 of the Elven Halls
121182 | Elf:3    | Found Tymuwky's Armour Shop.
121554 | Elf:3    | Noticed Jorgrun
121557 | Elf:3    | Killed Jorgrun
121557 | Elf:3    | Reached ****** piety under Sif Muna
122325 | Elf:3    | Reached XP level 25. HP: 140/160 MP: 18/51
122434 | Elf:3    | Got a shimmering granite ring
122437 | Elf:3    | Identified the ring "Wyisaong" {rPois rN++ Int-4 Stlth+} (You took it off a deep elf master archer on level 3 of the Elven Halls)
122815 | Elf:3    | Received a gift from Sif Muna
123025 | Elf:3    | Identified the +1 halberd "Tisemet" {chop, rPois MP+9 Str+2 Int-2} (You took it off a deep elf demonologist on level 3 of the Elven Halls)
123030 | Elf:3    | Identified the +10 halberd "Taick" {vamp, rElec} (You took it off a deep elf mage on level 3 of the Elven Halls)
123047 | Elf:3    | Identified the +8 trident of Untimely Demise {elec, rC+ Int+3} (You took it off a deep elf elementalist on level 3 of the Elven Halls)
123048 | Elf:3    | Identified the +1 leather armour of Keatites {rElec Stlth+} (You took it off a deep elf mage on level 3 of the Elven Halls)
123104 | Elf:3    | Learned a level 1 spell: Apportation
123451 | Vaults:1 | Learned a level 4 spell: Passage of Golubria
123538 | Vaults:1 | Killed Mennas
123541 | Vaults:1 | Got a pitted large shield
123804 | Vaults:1 | Identified the cursed +0 large shield of Aryp {rPois Str+2} (You took it off Mennas on level 1 of the Vaults)
124527 | Lair:1   | Learned a level 9 spell: Fire Storm
124767 | Vaults:5 | Entered Level 5 of the Vaults
124902 | Vaults:5 | Noticed an ancient lich
124956 | Vaults:5 | Noticed Bai Suzhen
124956 | Vaults:5 | Killed an ancient lich
125191 | Vaults:5 | Noticed Sojobo
125193 | Vaults:5 | Killed Sojobo
125391 | Vaults:4 | Killed Bai Suzhen
126411 | Vaults:5 | Noticed an ancient lich
127566 | Vaults:5 | Killed an ancient lich
127566 | Vaults:5 | Reached XP level 26. HP: 173/173 MP: 27/51
128897 | Vaults:5 | Identified Fifih's Handbook of the Ghastly Voyage
128926 | Vaults:5 | Identified the Reference Book on Dislocated Flight
128973 | Vaults:5 | Identified the Catalogue of Benedictions and Dark Magic
129199 | Vaults:5 | Got a coiled ruby amulet
129200 | Vaults:5 | Identified the amulet "Voovomp" {Spirit rPois rF++ rC- rN+} (You found it on level 5 of the Vaults)
129462 | Vaults:5 | Got a silver rune of Zot
129945 | Zot:1    | Entered Level 1 of the Realm of Zot
130271 | Zot:1    | HP: 8/176 [??? (6)]
130274 | Zot:1    | HP: 1/176 [deathcap/drain life[a curse toe] (9)]
130282 | Zot:1    | Mangled by a death cob

Vault maps used:
D:1:      kilobyte_arrival_exit_the_forest, minmay_hexomino_r4
D:2:      lemuel_round_altar, lemuel_coloured_pillars_altar
D:3:      lemuel_upstairs_altar, nicolae_overflow_hidden_temple
D:4:      first_ration, nemelex_lonely_heart_becter
D:6:      elyvilon_altar_3, minmay_temple_entry_mist, uniq_pikel, uniq_eustachio
D:7:      ashenzari_conservatory_becter
D:8:      vehumet_crystals, serial_shops, shop_fountains, uniq_grum,
          uniq_psyche, uniq_erica
D:9:      hangedman_little_slice_of_home
D:10:     minivault_24
D:11:     dpeg_oklobed_lair, uniq_urug, uniq_josephine
D:12:     gammafunk_corrupted_shrine, david_orc_2, grunt_ministairs_13,
          stair_cage_line, uniq_azrael
D:13:     david_vaults_1, serial_shops, nicolae_shop_trees
D:14:     kennysheep_another_room
D:15:     hangedman_depths_entry_try_elsewhere_first,
          small_chamber_with_monster, amethyst_killhole, uniq_sonja, uniq_louise
Temple:   eino_temple_rhombus
Lair:1:   grunt_megastairs_3
Lair:2:   minmay_shoals_entry_centaurs, grunt_megastairs_5,
          infiniplex_staircase_pool
Lair:3:   guppyfry_snake_entry_island, st_stairs_12, nzn_random_ring,
          uniq_rupert
Lair:5:   nicolae_volcano_entry_s_turn, minmay_lair_oklob_chamber,
          serial_bayou_shore_a
Lair:6:   due_jungle_book, slime_altar_1, uniq_kirke
Shoals:1: uniq_roxanne, uniq_donald
Shoals:2: nicolae_shoals_hunting_party
Shoals:3: hangedman_shoals_cup_caves
Shoals:4: shoals_end_hangedman, shoals_ilsuiw_alternative, serial_shops,
          nicolae_shop_waterfront
Snake:3:  grunt_megastairs_2, minmay_shoptagon, lemuel_fruit_tree
Snake:4:  snake_pit_salamanders_mu, uniq_nikola
Slime:3:  dissolution_awaits, uniq_dissolution
Orc:1:    enter_bailey_2, nooodl_orcs_dogs
Orc:2:    st_orc_rangers, mines2_david
Elf:1:    serial_shops, shop, shop, minmay_elf_sorcery, moated_statue
Elf:2:    spider_trap
Elf:3:    minmay_elf_hall_quartered_circle, serial_shops, nicolae_shop_trees,
          uniq_jorgrun
Vaults:1: ontoclasm_vaults_ligature, vaults_room_grunt_arrival_ludios,
          v_misc_24, vaults_room_corners, hangedman_vaults_hat, serial_ice_h,
          v_misc_3, hangedman_vaults_unwind, nicolae_vaults_back_hallway,
          vaults_dpeg_diagonal, nicolae_vaults_little_squares_4,
          nicolae_vaults_minivaults, vaults_room_door_hall,
          nicolae_vaults_little_ls, serial_shops, shop
Vaults:2: hangedman_vaults_stitches, ontoclasm_vaults_gateway, v_misc_29,
          v_misc_5, vaults_dpeg_hooks, nicolae_vaults_theta,
          ontoclasm_vaults_shuriken, v_alt_pattern_2,
          nicolae_vaults_angled_halls, v_alt_pattern_2, vaults_dpeg_spiral,
          nicolae_vaults_murderbox, v_misc_32, serial_shops,
          nicolae_shop_statue_plus, uniq_mennas, uniq_boris
Vaults:3: ontoclasm_vaults_tryst, v_misc_12, v_misc_17,
          minmay_crypt_entry_simple_statues, hangedman_vaults_maws,
          ontoclasm_vaults_misaligned, nicolae_vaults_mini_display_case,
          nicolae_vaults_gold_heap
Vaults:4: v_alt_pattern_1, ontoclasm_vaults_misaligned,
          nicolae_vaults_shelves_hall, st_greater_box_5,
          hangedman_vaults_corner_blocks, v_misc_24, hangedman_vaults_capsules,
          v_misc_27, vaults_mumra_minichess_inversion, grunt_vaults_bifocal,
          serial_shops, bzr_entry_water
Vaults:5: uniq_bai_suzhen, uniq_sojobo
Depths:1: hellmouth_1, serial_shops, bzr_entry_road, grunt_tower_of_power,
          uniq_aizul
Depths:2: kennysheep_water_balloons, grunt_hell_horde, nicolae_sextant,
          st_stairs_1, minmay_shop_grove
Depths:3: cheibrodos_witchhunters_guild, rand_demon_pan_entry_5, hell_entry,
          kennysheep_big_empty_room, infiniplex_staircase_river, uniq_boris
Depths:4: grated_community_mu, serial_bayou, serial_bayou_shore_b,
          serial_bayou_shore_b, serial_bayou_ford_a, serial_bayou_lagoon_a,
          serial_shops, nicolae_shop_competitors_out_of_business, abyss_entry,
          hell_entry
Depths:5: evilmike_zot_entry_round, enter_ziggurat_b, hell_entry
Zot:1:    hangedman_snap_crack_crunch
Bazaar:   bazaar_long_row
Bailey:   bailey_polearm_5, bailey

Skill      XL: |  1  2  3  4  5  6  7  8  9 10 11 12 13 14 15 16 17 18 19 20 21 22 23 24 25 26 |
---------------+-------------------------------------------------------------------------------+-----
Conjurations   | 2 3 4 6 8 10 11 13 14 15 16 17 18 20 | 20.0
Spellcasting   | 4 5 6 8 9 10 12 14 16 17 18 | 18.0
Fire Magic     | 4 5 7 9 10 12 13 | 13.7
Fighting       | 2 6 9 11 13 15 16 17 19 20 | 20.6
Dodging        | 4 6 9 11 12 14 19 20 | 20.2
Invocations    | 1 3 9 |  9.0
Shields        | 8 9 12 14 15 | 15.0
Earth Magic    | 2 10 12 13 | 13.0
Armour         | 5 8 11 | 11.0
Translocations | 5 |  5.0
Charms         | 8 9 |  9.2
Air Magic      | 8 9 |  9.2
Stealth        | |  2.4

Action                   |  1- 3 |  4- 6 |  7- 9 | 10-12 | 13-15 | 16-18 | 19-21 | 22-24 | 25-27 || total
-------------------------+-------+-------+-------+-------+-------+-------+-------+-------+-------++-------
Melee: Unarmed           |     3 |     1 |       |       |       |       |       |       |       ||     4
       Dagger            |       |       |       |    32 |       |    29 |     1 |       |       ||    62
       Hand axe          |       |       |       |       |   134 |    75 |    77 |       |       ||   286
       Staff             |       |       |       |       |       |    11 |       |       |       ||    11
       War axe           |       |       |       |       |       |       |    18 |    26 |       ||    44
Throw: Stone             |     6 |     1 |     2 |     3 |       |       |       |       |       ||    12
 Cast: Flame Tongue      |    77 |   117 |   213 |   498 |   403 |    83 |     8 |       |       ||  1399
       Conjure Flame     |       |     9 |    20 |    50 |    20 |       |       |       |       ||    99
       Sticky Flame      |       |       |    14 |    67 |   108 |    51 |     3 |       |       ||   243
       Fireball          |       |       |    11 |   113 |   202 |   558 |   191 |    91 |    11 ||  1177
       Bolt of Magma     |       |       |       |       |    65 |   292 |    52 |       |       ||   409
       Iron Shot         |       |       |       |       |       |       |   542 |   228 |    63 ||   833
       Orb of Destructio |       |       |       |       |       |       |    10 |    77 |     8 ||    95
       Bolt of Fire      |       |       |       |       |       |       |   100 |   540 |   117 ||   757
       Blink             |       |       |       |       |       |       |     2 |    49 |    36 ||    87
       Fire Storm        |       |       |       |       |       |       |       |       |    27 ||    27
       Passage of Golubr |       |       |       |       |       |       |       |       |     2 ||     2
Invok: Divine Energy     |       |       |       |     1 |       |       |       |       |       ||     1
       Channel Magic     |       |       |       |       |       |     1 |       |       |       ||     1
Evoke: Wand              |       |       |       |     5 |    17 |     2 |       |       |       ||    24
  Use: Scroll            |       |       |    12 |    12 |    11 |    10 |    17 |    11 |    14 ||    87
       Potion            |       |       |       |     2 |     4 |     1 |    12 |     5 |     5 ||    29
  Eat: Chunk             |     2 |     7 |     6 |    20 |    54 |    88 |   107 |    35 |    13 ||   332
       Ration            |       |     1 |     3 |    12 |    12 |     1 |       |    16 |     6 ||    51
Armor: Robe              |     6 |     7 |     6 |    40 |    92 |   125 |    84 |    47 |    30 ||   437
       Ice dragon scales |       |       |       |       |       |       |       |    90 |       ||    90
Dodge: Dodged            |    17 |    11 |    39 |   191 |   477 |   447 |   417 |   325 |   127 ||  2051
Block: Buckler           |       |       |       |       |    88 |       |       |       |       ||    88
       Shield            |       |       |       |       |    12 |   466 |   318 |   256 |   137 ||  1189
       Reflection        |       |       |       |       |       |    35 |    36 |    74 |     1 ||   146

Table legend:
 A = Spawn XP
 B = Non-spawn XP
 C = Spawn XP percentage of total XP
 D = Spawn monster count
 E = Non-spawn monster count
 F = Spawn count percentage of total count
 G = Total turns spent on level
                    A         B        C        D         E        F      G
               +---------+---------+-------+---------+---------+-------+---------
         Total |    6784 | 1325727 |   0.5 |      17 |    2204 |   0.8 | 130282
               +---------+---------+-------+---------+---------+-------+---------
           D:1 |       0 |      62 |   0.0 |       0 |      33 |   0.0 |  1377
           D:2 |       0 |      71 |   0.0 |       0 |      18 |   0.0 |   933
           D:3 |       0 |     444 |   0.0 |       0 |      36 |   0.0 |  2087
           D:4 |       0 |     880 |   0.0 |       0 |      16 |   0.0 |  2173
           D:5 |       0 |     703 |   0.0 |       0 |      20 |   0.0 |   585
           D:6 |       0 |    1474 |   0.0 |       0 |      23 |   0.0 |  1357
           D:7 |       0 |     735 |   0.0 |       0 |      12 |   0.0 |   980
           D:8 |       0 |    3399 |   0.0 |       0 |      34 |   0.0 |  1393
           D:9 |       0 |    3063 |   0.0 |       0 |      28 |   0.0 |  1531
          D:10 |       0 |    2050 |   0.0 |       0 |      17 |   0.0 |  1724
          D:11 |       0 |    5648 |   0.0 |       0 |      34 |   0.0 |  4243
          D:12 |       0 |    9840 |   0.0 |       0 |      45 |   0.0 |  3105
          D:13 |       0 |   14591 |   0.0 |       0 |      56 |   0.0 |  4266
          D:14 |       0 |   10098 |   0.0 |       0 |      36 |   0.0 |  2815
          D:15 |       0 |   22225 |   0.0 |       0 |      37 |   0.0 |  3387
        Lair:1 |       0 |    4079 |   0.0 |       0 |      13 |   0.0 |  2439
        Lair:2 |       0 |    9153 |   0.0 |       0 |      25 |   0.0 |  4954
        Lair:3 |       0 |   12050 |   0.0 |       0 |      38 |   0.0 |  3972
        Lair:4 |       0 |    3412 |   0.0 |       0 |      15 |   0.0 |  1465
        Lair:5 |       0 |    9277 |   0.0 |       0 |      26 |   0.0 |  2695
        Lair:6 |       0 |   17838 |   0.0 |       0 |      36 |   0.0 |  3679
      Shoals:1 |       0 |   17954 |   0.0 |       0 |      33 |   0.0 |  2703
      Shoals:2 |       0 |   16532 |   0.0 |       0 |      26 |   0.0 |   842
      Shoals:3 |       0 |   23859 |   0.0 |       0 |      41 |   0.0 |  4489
      Shoals:4 |       0 |   34408 |   0.0 |       0 |      61 |   0.0 |  1388
       Snake:1 |       0 |   23376 |   0.0 |       0 |      37 |   0.0 |  2509
       Snake:2 |       0 |   11416 |   0.0 |       0 |      20 |   0.0 |  1972
       Snake:3 |       0 |   23098 |   0.0 |       0 |      41 |   0.0 |  3661
       Snake:4 |       0 |   69100 |   0.0 |       0 |     100 |   0.0 |  4847
       Slime:1 |       0 |    5251 |   0.0 |       0 |      12 |   0.0 |   154
       Slime:2 |       0 |   25276 |   0.0 |       0 |      30 |   0.0 |  1021
       Slime:3 |       0 |   31691 |   0.0 |       0 |      58 |   0.0 |  1713
       Slime:4 |       0 |   24616 |   0.0 |       0 |      48 |   0.0 |  1170
       Slime:5 |       0 |   43547 |   0.0 |       0 |      35 |   0.0 |  1378
         Orc:1 |       0 |    5288 |   0.0 |       0 |      50 |   0.0 |  2446
         Orc:2 |       0 |    6706 |   0.0 |       0 |      56 |   0.0 |   680
         Elf:1 |       0 |   22094 |   0.0 |       0 |      32 |   0.0 |   936
         Elf:2 |       0 |   21298 |   0.0 |       0 |      40 |   0.0 |  1070
         Elf:3 |       0 |   54378 |   0.0 |       0 |      47 |   0.0 |  1999
      Vaults:1 |       0 |   65946 |   0.0 |       0 |      99 |   0.0 |  8273
      Vaults:2 |       0 |   62400 |   0.0 |       0 |      82 |   0.0 |  4813
      Vaults:3 |       0 |   56760 |   0.0 |       0 |      71 |   0.0 |  3778
      Vaults:4 |       0 |  126830 |   0.0 |       0 |     116 |   0.0 |  7376
      Vaults:5 |       0 |  139672 |   0.0 |       0 |     106 |   0.0 |  1884
      Depths:1 |       0 |   29828 |   0.0 |       0 |      45 |   0.0 |  2120
      Depths:2 |       0 |   57412 |   0.0 |       0 |      77 |   0.0 |  5124
      Depths:3 |       0 |   66633 |   0.0 |       0 |      87 |   0.0 |  2771
      Depths:4 |       0 |   55020 |   0.0 |       0 |      64 |   0.0 |  2695
      Depths:5 |       0 |   56631 |   0.0 |       0 |      44 |   0.0 |  1846
         Zot:1 |       0 |   10386 |   0.0 |       0 |       5 |   0.0 |    49
       Abyss:2 |    6784 |    2861 |  70.3 |      17 |       3 |  85.0 |  2122
        Bailey |       0 |    4368 |   0.0 |       0 |      40 |   0.0 |   928
               +---------+---------+-------+---------+---------+-------+---------
